 Dungeon Crawl Stone Soup version 0.31-a0-844-gdc52ec4e09 (webtiles) character file.

Game seed: 17963575054940796334

30 CowFu the Caller (level 3, -3/19 HPs)
             Began as a Deep Elf Summoner on Sept 29, 2023.
             Slain by an adder (4 damage)
             ... on level 2 of the Dungeon.
             The game lasted 00:01:20 (809 turns).

CowFu the Caller (Deep Elf Summoner)                 Turns: 809, Time: 00:01:21

Health: -3/19      AC:  2    Str:  5    XL:     3   Next: 3%
Magic:  7/10       EV: 12    Int: 21    God:
Gold:   20         SH:  0    Dex: 15    Spells: 7/10 levels left

rFire   . . .        j - +2 dagger (holy)
rCold   . . .        (no shield)
rNeg    . . .        a - +0 robe
rPois   .            (no helmet)
rElec   .            (no cloak)
rCorr   .            (no gloves)
SInv    .            (no boots)
Will    .....        (no amulet)
Stlth   ++           (no ring)
HPRegen 0.23/turn    (no ring)
MPRegen 0.12/turn

%: no passive effects
@: no status effects
A: no striking features
a: no special abilities


You were on level 2 of the Dungeon.
You visited 1 branch of the dungeon, and saw 2 of its levels.

You collected 20 gold pieces.

Inventory:

Hand Weapons
 j - a +2 dagger of holy wrath (weapon)
 k - a +0 glaive
 m - a +0 quarterstaff
Armour
 a - a +0 robe (worn)
Scrolls
 c - a scroll of teleportation {unknown}
 e - a scroll of identify {unknown}
 g - a scroll of immolation {unknown}
 h - a scroll of fear {unknown}
Potions
 b - a potion of magic
 d - a potion of attraction {unknown}
 f - a potion of curing {unknown}
 i - a potion of ambrosia {unknown}
 l - a potion of enlightenment {unknown}


   Skills:
 - Level 2.4 Dodging
 - Level 2.4 Stealth
 + Level 4.0 Spellcasting
 + Level 5.0 Summonings


You had 7 spell levels left.
You knew the following spells:

 Your Spells              Type           Power      Damage    Failure   Level
a - Summon Small Mammal   Summ           100%       N/A       1%          1
b - Call Imp              Summ           50%        N/A       2%          2

Your spell library contained the following spells:

 Spells                   Type           Power      Damage    Failure   Level
 Call Canine Familiar     Summ           25%        N/A       4%          3
 Summon Guardian Golem    Hex/Summ       14%        N/A       13%         3
 Summon Lightning Spire   Summ/Air       14%        N/A       38%         4


Dungeon Overview and Level Annotations

Branches:
Dungeon (2/15)

Altars:


Message History

Your cerulean imp barely misses the adder.
Your quokka barely misses the goblin.
Something hits your quokka but does no damage.
You miss the adder.
The adder is moderately wounded.
You feel sick. The adder barely misses you.
Your cerulean imp barely misses the adder.
Your quokka barely misses the goblin.
The adder bites you. Something misses your quokka.
Your bat hits the hobgoblin but does no damage.
The hobgoblin barely misses your bat.
You barely miss the adder.
The adder is moderately wounded.
You feel sick.
You are no longer poisoned.
Your bat completely misses the hobgoblin.
Your quokka bites the goblin.
The adder misses you.
Your cerulean imp closely misses the adder.
The hobgoblin closely misses you. Something closely misses your quokka.
You hit the adder.
The adder is heavily wounded.
The adder closely misses you.
Your quokka closely misses the goblin.
Your cerulean imp hits the adder but does no damage.
The hobgoblin hits you.
* * * LOW HITPOINT WARNING * * *
Something hits your quokka but does no damage.
Your bat hits the hobgoblin but does no damage. x2
Your cerulean imp hits the goblin with a -2 spear.
The goblin dies!
The hobgoblin closely misses your bat.
You closely miss the adder.
The adder is heavily wounded.
Your bat hits the adder but does no damage.
The adder bites you.
* * * LOW HITPOINT WARNING * * *
Your quokka bites the hobgoblin but does no damage.
Your cerulean imp hits the kobold with a -2 spear.
The kobold dies!
The adder bites you.
You die...

#..............
...............
#.................
#........5........
..#.#.5...........
#.....r)# ......
#.#...#g### .........
.......gS.##.........
......##b@............
......####†.#.........
......................
......................
......................
......##..............
... ##..........## #
#.##...........#
#.†............##


You could see an adder (ally target), 2 hobgoblins, a friendly cerulean imp
(summoned), a friendly quokka (summoned) and a friendly bat (summoned).

Vanquished Creatures
  An endoplasm (D:1)
  A giant cockroach (D:1)
  A goblin (D:1)
  2 quokkas
  2 ball pythons
7 creatures vanquished.

Vanquished Creatures (collateral kills)
  An adder (D:2)
  A dart slug (D:1)
  2 ball pythons
  A giant cockroach (D:1)
  2 hobgoblins
  A kobold (D:2)
  2 goblins
  A rat (D:1)
11 creatures vanquished.

Grand Total: 18 creatures vanquished

Notes
Turn   | Place    | Note
-------+----------+-------------------------------------------
     0 | D:1      | CowFu the Deep Elf Summoner began the quest for the Orb.
     0 | D:1      | Reached XP level 1. HP: 10/10 MP: 6/6
   275 | D:1      | Reached XP level 2. HP: 14/15 MP: 5/8
   770 | D:2      | Learned a level 2 spell: Call Imp
   772 | D:2      | Reached skill level 5 in Summonings
   772 | D:2      | Reached XP level 3. HP: 14/19 MP: 10/10
   809 | D:2      | Slain by an adder

Illustrated notes

Levels and vault maps discovered:
D:1:      ebering_trefoil_3fold, layout_basic
D:2:      layout_rooms, serial_shops, shop, chequers_ecumenical_altar_simple

Skill      XL: |  1  2 |
---------------+-------+-----
Spellcasting   | 4 |  4.0
Summonings     | 5 |  5.0
Dodging        | |  2.4
Stealth        | |  2.4

Action                     || total
---------------------------++-------
  Melee: Unarmed           ||    15
         Dagger            ||    39
   Cast: Summon Small Mamm ||    24
         Call Imp          ||     1
   Stab: Distracted        ||     1
 Armour: Robe              ||    37
  Dodge: Dodged            ||    51

Table legend: (Time is in decaauts)
 A = Elapsed time spent in this place.
 B = Non-inter-level travel time spent in this place.
 C = Inter-level travel time spent in this place.
 D = Time resting spent in this place.
 E = Time spent auto-exploring this place.
 F = Levels seen in this place.
 G = Mean time per level.
                   A        B        C        D        E       F      G
               +--------+--------+--------+--------+--------+-----+--------+
         Total |    807 |    804 |      3 |      0 |    625 |   2 |  403.5 |
       Dungeon |    807 |    804 |      3 |      0 |    625 |   2 |  403.5 |
               +--------+--------+--------+--------+--------+-----+--------+

Top non-repeatable levels by time:
     D:1: 683 daAuts
     D:2: 124 daAuts
